 Dungeon Sprint DCSS version 0.18-a0-993-g4a3b7c7 (webtiles) character file.

240 M4edhros the Covert (level 6, 0/38 HPs)
             Began as an Octopode Artificer on Jan 4, 2016.
             Was an Initiate of Fedhas.
             Slain by a freezing wraith (13 damage)
             ... in the Dungeon (Sprint VII: "The Pits").
             The game lasted 00:02:50 (908 turns).

M4edhros the Covert (Octopode Artificer)             Turns: 908, Time: 00:02:50

Health: 0/38       AC:  1    Str: 11    XL:     6   Next: 8%
Magic:  11/11      EV: 16    Int: 16    God:    Fedhas [......]
Gold:   0          SH:  0    Dex: 12    Spells: 0 memorised, 5 levels left

rFire  . . .     SeeInvis .     r - +2 trident
rCold  . . .     Gourm    .     (no shield)
rNeg   . . .     Faith    .     (helmet restricted)
rPois  .         Spirit   .     (no amulet)
rElec  .         Dismiss  .     (no ring)
rCorr  .         Reflect  .     (no ring)
SustAt .         Harm     .     (no ring)
MR     .....     NoTele   +     (no ring)
Stlth  ++++++....               (no ring)
                                (no ring)
                                (no ring)
                                (no ring)

@: not resistant to hostile enchantments, very stealthy
A: almost no armour, amphibious, 8 rings, constrict 8, camouflage 1, gelatinous
body 1
a: Renounce Religion


You were in the Dungeon.
You worshipped Fedhas.
Fedhas was noncommittal.
You were not hungry.

You visited 1 branch

Inventory:

Hand Weapons
 a - a +0 short sword
 r - a +2 trident (weapon)
Wands
 b - a wand of flame (8/48)
 c - a wand of enslavement (9/24)
 d - a wand of random effects (15/48)
Scrolls
 k - a scroll of blinking
 o - 3 scrolls of remove curse
 p - 5 scrolls of amnesia
 q - a scroll of summoning
Potions
 e - 4 potions of curing
 g - 5 potions of heal wounds
 h - a potion of haste
 i - 4 potions of magic
 j - 3 potions of berserk rage
 n - 2 potions of invisibility
Comestibles
 f - 8 bread rations
 l - 40 fruits
 m - 7 meat rations


   Skills:
 - Level 1.0 Fighting
 - Level 1.0 Short Blades
 * Level 7.9 Dodging
 * Level 10.7 Stealth
 + Level 6.7 Evocations


You had 5 spell levels left.
You didn't know any spells.

Dungeon Overview and Level Annotations

Branches:
Dungeon (1/1)

Altars:
Ashenzari
Cheibriados
Dithmenos
Elyvilon
Fedhas
Gozag
Kikubaaqudgha
Makhleb
Nemelex Xobeh
Okawaru
Pakellas
Qazlal
Ru
Sif Muna
Trog
Vehumet
Xom
Yredelemnul
Zin
The Shining One
Beogh
Jiyva
Lugonu


Innate Abilities, Weirdness & Mutations

You cannot wear most types of armour.
You are amphibious.
You can wear up to eight rings at the same time.
You can use your tentacles to constrict eight enemies at once.
Your skin changes colour to match your surroundings (Stealth).
Your rubbery body absorbs attacks (AC +1).


Message History

You puncture the water moccasin!
You kill the water moccasin!
Your Dodging skill increases to level 7!
Your Stealth skill increases to level 10!
Your Evocations skill increases to level 6!
You have reached level 6!
Your experience leads to an increase in your attributes!
Increase (S)trength, (I)ntelligence, or (D)exterity?
You feel clever.
You start resting.
Magic restored.
There is an open door here.
You see here a water moccasin corpse.
You start resting.
You open the door.
A freezing wraith comes into view.
The freezing wraith hits you. The freezing wraith freezes you!!
The freezing wraith hits you!
You die...
Fedhas appreciates your contribution to the ecosystem. #)#..[)))..##.......# os+

#'###########.......#
#....)..# #########
#.......# #...#...#
#..###..#+#
#...#...#.+
#.......#W#
#.......@.#
###########


You could see a freezing wraith.

Vanquished Creatures
  2 water moccasins (D)
  A gnoll shaman (D)
  A mummy (D)
  3 gnolls (D)
  A river rat (D)
  2 oozes (D)
  A worm (D)
  A giant gecko (D)
  A ball python (D)
  A giant cockroach (D)
  A quokka (D)
  A goblin (D)
16 creatures vanquished.

Vanquished Creatures (collateral kills)
  2 gnolls (D)
  A bat zombie (D)
  A hobgoblin (D)
4 creatures vanquished.

Vanquished Creatures (others)
  A gnoll (D)
1 creature vanquished.

Grand Total: 21 creatures vanquished

Notes
Turn   | Place    | Note
--------------------------------------------------------------
     0 | D        | M4edhros the Octopode Artificer began the quest for the Orb.
     0 | D        | Reached XP level 1. HP: 13/13 MP: 3/3
    10 | D        | Noticed a komodo dragon
    10 | D        | Noticed an orc warrior
   217 | D        | Found a sacrificial altar of Ru.
   217 | D        | Found a shadowy altar of Dithmenos.
   217 | D        | Found a bloodstained altar of Trog.
   217 | D        | Found a deep blue altar of Sif Muna.
   217 | D        | Found a shimmering altar of Xom.
   217 | D        | Found a sparkling altar of Nemelex Xobeh.
   217 | D        | Found a corrupted altar of Lugonu.
   217 | D        | Found a viscous altar of Jiyva.
   218 | D        | Found a basalt altar of Yredelemnul.
   218 | D        | Found a glowing golden altar of the Shining One.
   218 | D        | Found a shattered altar of Ashenzari.
   218 | D        | Found a white marble altar of Elyvilon.
   218 | D        | Found a snail-covered altar of Cheibriados.
   218 | D        | Found a blossoming altar of Fedhas.
   218 | D        | Found a radiant altar of Vehumet.
   218 | D        | Found a burning altar of Makhleb.
   218 | D        | Found an ancient bone altar of Kikubaaqudgha.
   218 | D        | Found a glowing silver altar of Zin.
   218 | D        | Found a roughly hewn altar of Beogh.
   218 | D        | Found an iron altar of Okawaru.
   219 | D        | Found an oddly glowing altar of Pakellas.
   221 | D        | Became a worshipper of Xom of Chaos
   225 | D        | Found a stormy altar of Qazlal.
   225 | D        | Found an opulent altar of Gozag.
   226 | D        | Fell from the grace of Xom
   226 | D        | Became a worshipper of Fedhas Madash
   256 | D        | Reached XP level 2. HP: 8/18 MP: 4/4
   329 | D        | Reached skill level 4 in Stealth
   445 | D        | Reached skill level 5 in Stealth
   445 | D        | Reached XP level 3. HP: 19/23 MP: 6/6
   650 | D        | Noticed a water moccasin
   656 | D        | Reached skill level 5 in Dodging
   656 | D        | Reached skill level 6 in Stealth
   668 | D        | Reached skill level 7 in Stealth
   668 | D        | Reached skill level 5 in Evocations
   668 | D        | Reached XP level 4. HP: 13/28 MP: 7/7
   713 | D        | Reached skill level 8 in Stealth
   722 | D        | Killed a water moccasin
   722 | D        | Reached skill level 9 in Stealth
   722 | D        | Reached XP level 5. HP: 18/33 MP: 9/9
   850 | D        | Noticed a water moccasin
   854 | D        | Killed a water moccasin
   854 | D        | Reached skill level 10 in Stealth
   854 | D        | Reached XP level 6. HP: 25/38 MP: 9/11
   907 | D        | Noticed a freezing wraith
   908 | D        | Slain by a freezing wraith

Vault maps used:
D:        pitsprint

Action                   |  1- 3 |  4- 6 || total
-------------------------+-------+-------++-------
Melee: Short sword       |     3 |       ||     3
       Trident           |    23 |    12 ||    35
Evoke: Wand              |     6 |     7 ||    13
  Use: Potion            |       |     3 ||     3
 Stab: Sleeping          |     6 |     1 ||     7
